 BcadrenCrawl: Boulder Brew version 0.03.2.1-32-g00f802a9a0 (webtiles) character file.

Game seed: 7558329428988774735, levelgen mode: deterministic

24973626 esc the Octopoid Arbalest (level 27, 194/194 (201) HPs) Octopode Noble. Began on Jan 20, 2021. Was an Initiate of Gozag Ym Sagoz. Escaped with the Orb ... and 15 runes! The game lasted 05:18:44 (60271 turns).

esc the Octopoid Arbalest (Octopode Noble)         Turns: 60271, Time: 05:18:45

HP:   194/194 (201) AC: 24    Str: 25    XL:     27
MP:   32/32         EV: 42    Int:  7    God:    Gozag Ym Sagoz
Gold: 8822          SH: 48    Dex: 44    Spells: 26/35 levels left

rFire    + + +     Vision   +   a - +9 triple crossbow (molten)
rCold    + + .     Gourm    .   f - +10 large shield of Ignorance {rN+ Int-4}
rNeg     + + +     Faith    .   O - +0 hat "Guonk" {rF+ MR+ Str+4 Int+4}
rPois    +         Spirit   .   D - brooch of Shielding {Reflect AC+5 EV+5 SH+5}
rElec    .         Reflect  +   R - ring of Dankaath {*Contam rPois rF+ AC+5 Str-3 Slay+3}
rCorr    .         Harm     .   z - ring of Phasing {EV+8 Dex+5}
MR       +++++     Rnd*Rage +   u - ring "Put-Me-On" {+Fly rN++ MR+++ Str+5 Int-2}
Stlth    ++++......             y - ring of Xitaduca {rPois rF- Dex+8 Slay+5 +Vis}
HPRegen  1.14/turn              P - ring of Robustness {AC+8 Str+5}
MPRegen  0.42/turn              X - ring "Yloucwen" {rF+ AC+5}
                                F - ring of Riciehoe {rC+ Str+5 Int-2 +Vis}
                                b - ring "Qaomnesadgh" {rF+ rC+ Dex+5}

@: no status effects
A: almost no armour, stealthy swim, amphibious, 8 rings, constrict 8, camouflage
1, berserk 2, impaired vision, dopey 1, frail 1, low mp 2, regeneration 1, weak
1, gelatinous body 1, no potion heal 1
0: Orb of Zot
}: 15/15 runes: decaying, silver, golden, iron, obsidian, icy, bone, abyssal,
demonic, glowing, magical, fiery, dark, gossamer, cracked
a: Potion Petition, Call Merchant, Bribe Branch, Renounce Religion, Evoke Flight


You escaped.
You worshipped Gozag Ym Sagoz.
Gozag Ym Sagoz was greatly pleased with you.
You were not hungry.

You visited 18 branches of the dungeon, and saw 83 of its levels.
You visited Pandemonium 1 time, and saw 23 of its levels.
You visited the Abyss 1 time.
You also visited: Ice Cave and Market.

You collected 52861 gold pieces.
You spent 8650 gold pieces at shops.
You paid 36389 gold pieces to Gozag.

Inventory:

Weapons
 a - a +9 triple crossbow of molten steel (weapon) Shields
 f - the +10 large shield of Ignorance (shield) {rN+ Int-4}
   (You found it on level 5 of the Dungeon)

   Base shield rating: 13 Skill to remove penalty: 5.0 It affects your
   intelligence (-4).
   It protects you from negative energy.
Armour
 O - the +0 hat "Guonk" (worn) {rF+ MR+ Str+4 Int+4}
   (You found it on level 2 of the Lair of Beasts)

   It affects your strength (+4).
   It affects your intelligence (+4).
   It protects you from fire.
   It affects your resistance to hostile enchantments.
Jewellery
 b - the ring "Qaomnesadgh" (on tentacle) {rF+ rC+ Dex+5}
   (You found it on level 5 of the Vaults)

   [ring of dexterity]

   It affects your dexterity (+5).
   It protects you from fire.
   It protects you from cold.
 e - an uncursed amulet of the gourmand
 u - the ring "Put-Me-On" (on tentacle) {+Fly rN++ MR+++ Str+5 Int-2}
   (You found it on level 2 of the Lair of Beasts)

   [ring of strength]

   It affects your strength (+5).
   It affects your intelligence (-2).
   It greatly protects you from negative energy.
   It affects your resistance to hostile enchantments.
   It lets you fly.
 w - an uncursed ring of resist corrosion
 y - the ring of Xitaduca (on tentacle) {rPois rF- Dex+8 Slay+5 +Vis}
   (You found it in Pandemonium)

   [ring of slaying]

   It affects your dexterity (+8).
   It affects your accuracy and damage with ranged weapons and melee attacks
   (+5).
   It makes you vulnerable to fire.
   It protects you from poison.
   It improves your vision.
 z - the ring of Phasing (right tentacle) {EV+8 Dex+5}
   (You bought it in a shop on level 5 of the Vaults)

   [ring of dexterity]

   It affects your evasion (+8).
   It affects your dexterity (+5).
 D - the brooch of Shielding (around mantle) {Reflect AC+5 EV+5 SH+5}
   (You bought it in a shop on level 5 of the Vaults)

   [amulet of reflection]

   It shields you and reflects attacks.
   It affects your AC (+5).
   It affects your evasion (+5).
   It affects your SH (+5).
 F - the ring of Riciehoe (on tentacle) {rC+ Str+5 Int-2 +Vis}
   (You found it on level 5 of the Vaults)

   [ring of strength]

   It affects your strength (+5).
   It affects your intelligence (-2).
   It protects you from cold.
   It improves your vision.
 P - the ring of Robustness (on tentacle) {AC+8 Str+5}
   (You bought it in a shop on level 2 of the Lair of Beasts)

   [ring of strength]

   It affects your AC (+8).
   It affects your strength (+5).
 R - the ring of Dankaath (left tentacle) {*Contam rPois rF+ AC+5 Str-3 Slay+3}
   (You found it in an ice cave)

   [ring of protection]

   It affects your AC (+5).
   It affects your strength (-3).
   It affects your accuracy and damage with ranged weapons and melee attacks
   (+3).
   It protects you from fire.
   It protects you from poison.
   It causes magical contamination when unequipped.
 X - the ring "Yloucwen" (on tentacle) {rF+ AC+5}
   (You bought it in a shop on level 5 of the Vaults)

   [ring of protection]

   It affects your AC (+5).
   It protects you from fire.
Wands
 c - a wand of healing (16)
 q - a wand of clouds (30)
 r - a wand of ensnaring (43)
 x - a wand of disintegration (55)
 E - a wand of iceblast (127)
 G - a wand of polymorph (98)
 K - a wand of acid (58)
 M - a wand of hasting (39)
 N - a wand of flame (81)
 Q - a wand of enslavement (46)
 T - a wand of scattershot (13)
 W - a wand of random effects (37)
Scrolls
 h - 9 scrolls of silence
 j - 38 scrolls of teleportation
 k - 6 scrolls of blinking
 l - 13 scrolls of magic mapping
 s - 13 scrolls of fear
 t - 3 scrolls of holy word
 C - 17 scrolls of fog
 L - 3 scrolls of summoning
 S - 27 scrolls of enchantment
 U - 13 scrolls of bless item
Potions
 g - 9 potions of resistance
 i - 57 potions of curing
 m - 17 potions of mutation
 n - 28 potions of agility
 o - 9 potions of cancellation
 p - 10 potions of ambrosia
 v - 15 potions of berserk rage
 A - 10 potions of haste
 B - 15 potions of might
 I - 7 potions of invisibility
 J - 25 potions of heal wounds
 V - 7 potions of magic
Miscellaneous
 Y - 4 phantom mirrors
Comestibles
 d - 83 rations


   Skills:
 O Level 27 Fighting
 O Level 27 Crossbows
 O Level 27 Dodging
 O Level 27 Stealth
 O Level 27 Shields
 O Level 27 Unarmed Combat
 + Level 4.8 Spellcasting
 + Level 4.2 Charms
 + Level 4.2 Necromancy
 + Level 4.1 Translocations
 + Level 4.2 Transmutations
 + Level 4.1 Air Magic
 + Level 4.1 Earth Magic
 O Level 27 Evocations


You had 26 spell levels left.
You knew the following spells:

 Your Spells              Type           Power        Failure   Level  Hunger
a - Blink                 Tloc           N/A          8%          2    ###....
b - Regeneration          Chrm/Necr      7 (200)      16%         3    ###....
c - Swiftness             Chrm/Air       7 (100)      8%          2    ###....
d - Passwall              Tmut/Erth      7 (120)      8%          2    ###....

Your spell library contained the following spells:

 Spells                   Type           Power        Failure   Level  Hunger
 Sandblast                Erth           7 (50)       5%          1    #......
 Shock                    Air            7 (25)       5%          1    #......
 Corpse Rot               Tmut/Necr      N/A          8%          2    ###....
 Song of Slaying          Chrm           7 (100)      8%          2    ###....
 Sublimation of Blood     Necr           7 (200)      8%          2    ###....
 Pain                     Hex/Necr       4 (25)       12%         1    #......
 Poisonous Vapours        Pois/Air       4 (50)       12%         1    #......
 Gell's Gravitas          Tloc           7 (200)      16%         3    ###....
 Pryten's Skeletal Upris  Chrm/Necr      7 (200)      16%         3    ###....
 Static Discharge         Air            7 (100)      16%         3    ###....
 Stone Arrow              Erth           7 (50)       16%         3    ###....
 Vampiric Draining        Necr           7 (200)      16%         3    ###....
 Confusing Touch          Hex            1 (50)       28%         1    #......
 Flame Tongue             Fire           1 (30)       28%         1    #......
 Foxfire                  Fire           1 (25)       28%         1    #......
 Freeze                   Ice            1 (25)       28%         1    #......
 Magic Candle             Hex/Fire       1 (90)       28%         1    #......
 Summon Butterflies       Summ           1 (100)      28%         1    #......
 Summon Small Mammal      Summ           1 (25)       28%         1    #......
 Ignite Poison            Fire/Tmut      4 (100)      36%         3    ###....
 Mephitic Cloud           Pois/Air       4 (100)      36%         3    ###....
 Ozocubu's Armour         Chrm/Ice       4 (100)      36%         3    ###....
 Recall                   Summ/Tloc      N/A          36%         3    ###....
 Spectral Weapon          Chrm/Summ      4 (100)      36%         3    ###....
 Call Imp                 Summ           1 (100)      41%         2    ###....
 Ensorcelled Hibernation  Hex/Ice        1 (50)       41%         2    ###....
 Searing Ray              Fire           1 (50)       41%         2    ###....
 Slow                     Hex            1 (100)      41%         2    ###....
 Sting                    Pois           1 (25)       41%         2    ###....
 Throw Frost              Ice            1 (50)       41%         2    ###....
 Animate Dead             Necr           N/A          45%         4    #####..
 Force Lasso              Tloc/Erth      7 (200)      45%         4    #####..
 Petrify                  Tmut/Erth      7 (100)      45%         4    #####..
 Airstrike                Air            7 (200)      47%         4    #####..
 Blinding Spray           Hex/Pois       1 (50)       65%         3    ###....
 Call Canine Familiar     Summ           1 (100)      65%         3    ###....
 Confuse                  Hex            1 (100)      65%         3    ###....
 Conjure Flame            Fire           1 (100)      65%         3    ###....
 Inner Flame              Hex/Fire       1 (100)      65%         3    ###....
 Tukima's Dance           Hex            1 (100)      65%         3    ###....
 Ice Form                 Ice/Tmut       4 (100)      77%         4    #####..
 Still Winds              Hex/Air        4 (200)      77%         4    #####..
 Bolt of Draining         Necr           7 (200)      80%         5    ######.
 Excruciating Wounds      Chrm/Necr      7 (200)      80%         5    ######.
 Iskenderun's Battlesphe  Chrm/Erth      7 (100)      82%         5    ######.
 Lee's Rapid Deconstruct  Erth           7 (200)      82%         5    ######.
 Methodical Deconstructi  Erth           7 (200)      82%         5    ######.
 Lightning Bolt           Air            7 (200)      83%         5    ######.
 Cause Fear               Hex            1 (200)      96%         4    #####..
 Fulminant Prism          Hex            1 (200)      96%         4    #####..
 Hailstorm                Ice            1 (100)      96%         4    #####..
 Olgreb's Toxic Radiance  Pois           1 (100)      96%         4    #####..
 Sticky Flame             Fire/Pois      1 (100)      96%         4    #####..
 Summon Ice Beast         Ice/Summ       1 (100)      96%         4    #####..
 Throw Icicle             Ice            1 (100)      96%         4    #####..
 Bolt of Magma            Fire/Erth      4 (200)      98%         5    ######.
 Irradiate                Tmut/Pois      4 (200)      98%         5    ######.
 Silence                  Hex/Air        4 (200)      98%         5    ######.
 Summon Forest            Summ/Erth      4 (200)      98%         5    ######.
 Summon Lightning Spire   Summ/Air       4 (100)      98%         5    ######.
 Yara's Violent Unravell  Hex/Tmut       4 (200)      98%         5    ######.
 Aura of Abjuration       Summ           1 (200)      100%        5    ######.
 Fireball                 Fire           1 (200)      100%        5    ######.
 Summon Mana Viper        Summ/Pois      1 (100)      100%        5    ######.
 Summon Spider Mount      Summ/Pois      1 (200)      100%        5    ######.
 Agony                    Necr           7 (180)      100%        6    #######
 Bolt of Cold             Ice            1 (200)      100%        6    #######
 Bolt of Fire             Fire           1 (200)      100%        6    #######
 Borgnjor's Vile Clutch   Necr/Erth      7 (200)      100%        6    #######
 Cigotuvi's Degeneration  Tmut/Necr      7 (200)      100%        6    #######
 Conjure Ball Lightning   Air            7 (200)      100%        6    #######
 Death Channel            Chrm/Necr      7 (200)      100%        6    #######
 Deflect Missiles         Chrm/Air       7 (200)      100%        6    #######
 Dispersal                Tloc           7 (200)      100%        6    #######
 Eringya's Noxious Bog    Tmut/Pois      4 (200)      100%        6    #######
 Freezing Cloud           Ice/Air        4 (200)      100%        6    #######
 Iron Shot                Erth           7 (200)      100%        6    #######
 Ozocubu's Refrigeration  Ice            1 (200)      100%        6    #######
 Ring of Flames           Chrm/Fire      4 (200)      100%        6    #######
 Shadow Creatures         Summ           N/A          100%        6    #######
 Simulacrum               Ice/Necr       4 (200)      100%        6    #######
 Starburst                Fire           1 (200)      100%        6    #######
 Statue Form              Tmut/Erth      7 (150)      100%        6    #######
 Dragon Form              Tmut           7 (200)      100%        7    #######
 Haunt                    Necr/Summ      4 (200)      100%        7    #######
 Infestation              Tmut/Pois      4 (200)      100%        7    #######
 Iskenderun's Icy Sphere  Ice            1 (200)      100%        7    #######
 Malign Gateway           Summ/Tloc      4 (200)      100%        7    #######
 Monstrous Menagerie      Summ           1 (200)      100%        7    #######
 Spellforged Servitor     Summ           1 (200)      100%        7    #######
 Borgnjor's Revivificati  Necr           7 (200)      100%        8    #######
 Death's Door             Chrm/Necr      7 (200)      100%        8    #######
 Discord                  Hex            1 (200)      100%        8    #######
 Ignition                 Fire           1 (200)      100%        8    #######
 Necromutation            Tmut/Necr      7 (200)      100%        8    #######
 Summon Jungle            Summ           1 (200)      100%        8    #######
 Dragon's Call            Summ           1 (200)      100%        9    #######
 Shatter                  Erth           7 (200)      100%        9    #######
 Tornado                  Air            7 (200)      100%        9    #######


Dungeon Overview and Level Annotations

Branches:
Dungeon (8/8)              Temple (1/1) D:4            Lair (6/6) D:5
  Swamp (4/4) Lair:4       Spider (4/4) Lair:2        Slime (5/5) Lair:6
    Orc (2/2) D:6             Elf (3/3) Orc:2        Vaults (5/5) D:7
  Crypt (3/3) Vaults:3       Tomb (3/3) Crypt:3      Depths (5/5) D:8
   Hell (visited)             Dis (7/7) Hell            Geh (7/7) Hell
    Coc (7/7) Hell            Tar (7/7) Hell            Zot (5/5) Depths:5
  IceCv (visited)

Altars:
Ashenzari
Cheibriados
Fedhas Madash
Gozag Ym Sagoz
Hepliaklqana
Kikubaaqudgha
Makhleb
Nemelex Xobeh
Qazlal
Ru
Sif Muna
Trog
Uskayaw
Vehumet
Wu Jian
Xom
Yredelemnul

Shops:
D:4 *   Orc:2 =[*(*[(   Lair:2 =   Vaults:5 (==   Crypt:3 [}(   Depths:1 ***
Depths:3 =(((([(   Depths:4 %

Portals:
Hell: Depths:1 Depths:2 Depths:3 Depths:4 Depths:5
Abyss: Depths:1 Depths:4
Pandemonium: Depths:3
Ziggurat: Depths:1
Trove: Vaults:4 (show slimy rune of Zot)

Annotations:
Depths:1 exclusions: downstairs, 2 liches and 2 more exclusions
Depths:2 2 runed translucent doors
Coc:6 5 runed doors
Zot:2 3 runed translucent doors, ShutUppercut's ghost, legendary DsGl


Innate Abilities, Weirdness & Mutations

You cannot wear most types of armour.
You are very stealthy in the water. (Stealth+)
You are amphibious.
You can wear up to three rings at the same time.
You can use your tentacles to constrict three enemies at once.
Your skin changes colour to match your surroundings (Stealth+).
Your rubbery body absorbs attacks. (AC +1, EV +1)
You often lose your temper in combat.
Your poor vision makes scrolls take longer to read and aiming more difficult.
You are dopey. (Int -2)
You are frail. (-10% HP)
Your magical capacity is very low. (-20% MP)
Your natural rate of healing is unusually fast.
You are weak. (Str -2)
Potions are less effective at restoring your health.


Message History

(D) Dungeon (T) Temple (L) Lair (S) Swamp (N) Spider Nest (M) Slime Pits (O) Orcish Mines (E) Elven Halls (V) Vaults (C) Crypt (W) Tomb (U) Depths (H) Hell (I) Dis (G) Gehenna (X) Cocytus (Y) Tartarus (Z) Zot
Where to? (Enter - D:1, ? - help)
There is a stone staircase leading up here.
You climb upwards.
There is a stone staircase leading down here.
Something bites the withered plant (11)!
The withered plant is destroyed!
You hear a grinding noise.
There is a stone staircase leading up here.
You climb upwards.
There is a stone staircase leading down here.
A monstrous demonspawn comes into view.
There is a staircase leading out of the dungeon here.
Okay, then.
Okay, then.
You have escaped!

####..##.###.# #.##
##.##.....# #...
################.#############
#...........).................
#.............................
#...#######..###########..####
#...# #####..### #..#
#...###........# #####..#
#............@.#####......####
#...###...........6...........
#...# #........#..........####
#...# ####.)####.###......#
#...# #..# #.# #......# #...#
#..# #.# ##...###
#...######..####.####...######
#.............................
#.............................


You could see a monstrous demonspawn.

Vanquished Creatures
  Cerebov (Pan)
  Asmodeus (Geh:7)
  Antaeus (Coc:7)
  Dissolution (Slime:3)
  Ereshkigal (Tar:7)
  Gloorx Vloq (Pan)
  the Serpent of Hell (Dis:7)
  Lom Lobon (Pan)
  A seraph (Pan)
  Dispater (Dis:7)
  Mnoleg (Pan)
  3 ancient liches
  3 orbs of fire
  Mennas (Vaults:2)
  2 Killer Klowns (Zot:5)
  6 pandemonium lords
  8 shard shrikes
  Sojobo (Vaults:4)
  The ghost of hyperkahler the Slayer, a veteran MiFi of Cheibriados (Vaults:3)
  Bai Suzhen (Vaults:2)
  32 greater mummies
  Boris (thrice) (Depths:3 Crypt:2 Tomb:1)
  Margery (Vaults:4)
  Saint Roka (Vaults:2)
  Frederick (Depths:5)
  13 golden dragons
  2 curse toes (Zot:3)
  Geryon (Hell)
  Jory (Vaults:4)
  22 Tzitzimimeh
  19 Brimstone Fiends
  3 doom hounds
  2 iron giants
  Jorgrun (Elf:2)
  16 liches
  22 Ice Fiends
  13 caustic shrikes
  11 Hell Sentinels
  9 quicksilver dragons
  6 electric golems
  Asterion (Spider:1)
  5 titans
  17 Executioners (Pan)
  2 juggernauts
  11 shadow dragons
  Circe (Spider:1)
  33 acid blobs
  13 ancient champions
  4 revenants
  8 sphinxes
  A thorn hunter (Swamp:4)
  the Royal Jelly (Slime:5)
  18 storm dragons
  9 tengu reavers
  5 warmongers (Pan)
  Agnes (D:8)
  A tentacled starspawn (Abyss:3)
  Donald (Elf:2)
  4 plutonium crabs
  10 iron dragons
  3 draconian monks
  7 daevas (Pan)
  9 war gargoyles
  24 cacodemons
  4 draconian knights
  A profane servitor (Crypt:3)
  8 bone dragons
  19 vault wardens
  8 deep elf sorcerers
  9 fire giants
  8 draconian shifters
  2 draconian stormcallers
  12 frost giants
  20 balrugs
  Louise (D:8)
  13 angels (Pan)
  Aizul (Spider:1)
  5 draconian scorchers
  3 platinum draconians
  the Lernaean hydra (Swamp:4)
  4 ghost moths
  8 ironheart preservers
  2 deep elf master archers (Elf:3)
  Roxanne (Spider:1)
  4 curse skulls
  10 draconian sharpshooters
  15 lava globs
  29 Orb Guardians
  4 corrupters (Pan)
  3 silver draconians
  11 ophanim (Pan)
  7 elemental wellsprings
  4 deep elf elementalists (Elf:3)
  5 blood saints (Pan)
  3 deep elf blademasters
  6 black suns (Pan)
  5 draconian annihilators
  3 cyan draconians
  12 bennus
  A purple draconian (Zot:3)
  3 olive draconians
  A white draconian (Zot:3)
  5 entropy weavers
  5 pearl draconians
  3 green draconians
  3 lime draconians
  13 vampire knights
  4 bone draconians
  8 golden draconians
  6 death cobs
  77 reapers
  2 blue draconians
  7 red draconians
  2 scintillating draconians
  An entropy weaver (shapeshifter) (Vaults:2)
  8 eidola
  5 black draconians
  3 blood draconians
  6 teal draconians
  12 deep elf demonologists
  16 green deaths
  24 gibbering mounds
  2 spark wasps (Spider:4)
  12 tentacled monstrosities
  13 fire dragons
  Azrael (Spider:2)
  5 deep elf annihilators
  25 mummy priests
  20 azure jellies
  5 ghouls
  A chaos butterfly (Swamp:3)
  27 blizzard demons
  6 emperor scorpions
  8 deep elf death magi
  20 ice dragons
  Nessos (D:8)
  4 deep elf high priests
  12 lorocyprocas
  A hell beast (Pan)
  15 lava worms
  2 spriggan air magi
  7 boulder beetles
  5 catoblepae
  6 death knights
  A deep troll shaman (Depths:5)
  3 deep troll earth magi
  17 very ugly things
  10 rakshasas
  A satyr (Abyss:3)
  A verdant mould (Swamp:4)
  20 jiangshi
  24 great orbs of eyes
  4 ghost crabs
  8 sphinx moths
  26 stone giants
  21 alligators
  2 spriggan berserkers
  17 vampire magi
  7 death oozes
  Urug (D:5)
  39 soul eaters
  2 dire elephants (Abyss:3)
  13 ogre magi
  An apis (Pan)
  33 hell hogs
  26 deep elf knights
  An orc high priest (Elf:3)
  7 monstrous demonspawn (Pan)
  12 yaktaur captains
  7 ettins
  4 unseen horrors
  120 skeletal warriors
  44 death scarabs
  41 hell knights
  A fire crab (shapeshifter) (D:7)
  23 shadow demons
  16 swamp dragons
  3 spriggan druids
  32 vault guards
  44 two-headed ogres
  3 fire crabs (Lair:2)
  4 salamander mystics (Zot:4)
  4 tengu warriors
  14 balloon dogs
  A death drake (shapeshifter) (Depths:2)
  A lindwurm (Lair:6)
  2 spectral krakens (Tar:7)
  9 cherubim
  16 deep elf archers
  A holy flan (Pan)
  20 phantasmal warriors
  19 ironbrand convokers
  11 orc knights
  21 hydras
  9 flayed ghosts
  11 centaur warriors
  9 shadow wraiths
  4 shambling mangroves
  9 glowing orange brains
  2 kraken zombies
  30 sun demons
  9 deep trolls
  19 large abominations
  6 holy swine (Pan)
  6 wizards
  21 sixfirhies
  53 deep elf magi
  23 necromancers
  3 guardian serpents (shapeshifter)
  A queen ant (Lair:6)
  12 shining eyes
  6 gelid demonspawn
  A rock worm (shapeshifter) (Vaults:1)
  17 orb spiders
  14 salamanders
  The ghost of Jahylo the Destroyer, a novice DECj of Sif Muna (D:8)
  6 infernal demonspawn (Pan)
  A torpor snail (Spider:2)
  4 orc sorcerers
  12 giraffes
  2 rock worms (Depths:3)
  9 torturous demonspawn
  3 worldbinders (Abyss:3)
  A salamander (shapeshifter) (D:7)
  4 manticores
  2 oklob plants
  26 moths of wrath
  29 rust devils
  A juggernaut zombie (Depths:2)
  12 molten gargoyles
  5 titan zombies
  A gargoyle (D:6)
  7 ice statues
  5 eyes of devastation
  11 vault sentinels
  3 iron trolls (Depths:5)
  24 ugly things
  6 black mambas
  33 hellions
  2 water nymphs (Abyss:3)
  4 starcursed masses (Abyss:3)
  A boulder beetle zombie (Lair:1)
  5 golden dragon zombies
  21 spiny frogs
  24 smoke demons
  6 trolls
  38 freezing wraiths
  4 titan skeletons
  A wolf spider (shapeshifter) (Vaults:5)
  6 iron dragon zombies
  2 kraken simulacra (Coc:7)
  An eye of devastation (shapeshifter) (Vaults:1)
  4 rime drakes
  14 hellwings (Pan)
  A caustic shrike zombie (Depths:3)
  4 kobold demonologists (Depths:2)
  A yaktaur (shapeshifter) (Vaults:1)
  9 elephants
  31 ice devils
  5 efreet
  44 wolf spiders
  An elephant (shapeshifter) (Depths:5)
  4 silent spectres
  2 meliai (shapeshifter)
  25 orange demons
  8 shadow dragon zombies
  27 tormentors
  60 yaktaurs
  2 rime drakes (shapeshifter)
  7 ectoplasmic emanations
  4 quicksilver dragon zombies
  4 iron dragon skeletons
  2 caustic shrike skeletons
  23 tyrant leeches
  6 stone giant zombies
  11 fire giant zombies
  4 golden dragon skeletons
  10 frost giant zombies
  32 red devils
  4 tengu conjurers
  An iron giant skeleton (Crypt:3)
  13 bog bodies
  A queen bee (D:7)
  18 komodo dragons
  A spectral giraffe (Lair:1)
  5 shadow dragon skeletons
  An ancient zyme (Abyss:3)
  27 demonic crawlers
  A wind drake (shapeshifter) (D:8)
  8 jumping spiders
  9 dire elephant zombies
  4 stone giant skeletons
  21 hornets
  24 blink frogs
  A polar bear (Lair:6)
  A polar bear (shapeshifter) (Vaults:4)
  21 wraiths
  4 titan simulacra (Coc:7)
  3 quicksilver dragon skeletons
  8 fire giant skeletons
  2 spectral hydras (Lair:1)
  A sphinx zombie (Depths:3)
  A dream sheep (shapeshifter) (Vaults:5)
  3 yaktaur zombies (Hell)
  A death yak zombie (Lair:1)
  An emperor scorpion zombie (Tomb:1)
  A red draconian zombie (Crypt:2)
  11 ynoxinuls
  8 frost giant skeletons
  3 storm dragon zombies
  A minotaur zombie (Coc:3)
  A raiju (Abyss:3)
  3 vampires
  3 hippogriffs
  3 ghost moth zombies
  8 dire elephant skeletons
  39 remnants of a dead god
  A golden dragon simulacrum (Depths:1)
  14 neqoxecs (Pan)
  99 flying skulls
  16 hydra zombies
  3 air elementals
  A giraffe zombie (Lair:1)
  A blood draconian skeleton (Crypt:1)
  A catoblepas skeleton (Geh:6)
  20 shadows
  11 water elementals
  16 cyclopes
  Grum (D:5)
  A blue draconian skeleton (Crypt:3)
  A red draconian skeleton (Crypt:3)
  6 spriggans
  A spriggan (shapeshifter) (Depths:2)
  2 spriggan skeletons
  A magenta draconian skeleton (Tar:4)
  6 storm dragon skeletons
  28 ushabtiu
  A yak (shapeshifter) (Depths:3)
  A shadow dragon simulacrum (Tar:5)
  6 basilisks
  4 wyverns
  37 fire elementals
  4 war dogs (D:5)
  6 alligator zombies
  2 yaktaur skeletons
  2 acid dragons
  A fire giant simulacrum (Coc:3)
  24 tarantellas
  13 yaks
  8 hydra skeletons
  4 fire dragon zombies
  A quicksilver dragon simulacrum (Crypt:3)
  A spark wasp zombie (Hell)
  9 ice dragon zombies
  18 vampire mosquitoes
  2 basilisks (shapeshifter)
  4 fire bats
  53 guardian mummies
  193 slime creatures
  72 redbacks
  12 ettin zombies
  10 spectral swamp worms (Tar:7)
  3 hungry ghosts
  4 anaconda zombies
  An alligator skeleton (Coc:7)
  A dire elephant simulacrum (Abyss:3)
  7 golden eyes
  32 swamp worms
  11 ettin skeletons
  7 fire dragon skeletons
  5 phantoms
  3 ice dragon skeletons
  4 insubstantial wisps (Swamp:3)
  4 hydra simulacra
  10 necrophages
  7 storm dragon simulacra
  2 soldier ants (shapeshifter)
  23 soldier ants (Lair:6)
  15 water moccasins
  A snapping turtle zombie (Tar:4)
  9 wolf spider zombies
  2 earth elementals
  5 wargs
  A ghost moth simulacrum (Hell)
  3 floating eyes
  60 hell hounds
  5 scorpions
  A spectral chaos butterfly (Lair:1)
  2 glowing shapeshifter zombies
  30 orc warriors
  A floating eye (shapeshifter) (Vaults:5)
  A shock serpent zombie (Tar:4)
  6 snapping turtle skeletons
  8 porcupines
  A scorpion (shapeshifter) (Depths:1)
  5 anaconda skeletons
  A human skeleton (Depths:1)
  An ice beast (shapeshifter) (Vaults:5)
  2 sky beasts
  A black bear (Lair:1)
  A monstrous demonspawn skeleton (Crypt:1)
  2 alligator simulacra
  9 eyes of draining
  31 ice beasts
  A shock serpent skeleton (Geh:6)
  10 swamp drakes
  A fire dragon simulacrum (Coc:7)
  An ice dragon simulacrum (Crypt:2)
  2 manticore zombies
  An elephant zombie (Lair:1)
  3 ettin simulacra
  4 swamp dragon zombies
  3 pulsating lumps (Pan)
  A spriggan simulacrum (Depths:2)
  20 ogres
  15 wolves
  3 boggarts (Vaults:1)
  A wolf spider simulacrum (Coc:7)
  3 spectral spiny frogs (Lair:1)
  10 anaconda simulacra (Coc:7)
  A tarantella zombie (Crypt:2)
  2 komodo dragon zombies
  2 manticore skeletons
  14 fetid cysts
  A rock worm zombie (D:4)
  24 crocodiles
  A spectral polar bear (Lair:1)
  A torpor snail simulacrum (Lair:1)
  2 swamp dragon skeletons
  2 glowing shapeshifter simulacra
  3 small abominations (Abyss:3)
  A snapping turtle simulacrum (Abyss:3)
  3 big kobolds
  3 komodo dragon skeletons
  6 harpy zombies
  2 yak zombies (Lair:1)
  15 bullfrogs
  2 black mamba zombies
  A redback simulacrum (D:6)
  A polar bear zombie (Crypt:2)
  5 spiny frog skeletons
  8 spiny frog zombies
  A troll zombie (Dis:3)
  10 centaurs
  4 harpy skeletons
  2 black mamba skeletons (Coc:2)
  2 spectral rime drakes (Lair:1)
  A swooping magpie simulacrum (Lair:1)
  18 killer bees
  A hornet zombie (D:4)
  A yak simulacrum (Lair:1)
  58 wights
  A human zombie (Coc:5)
  6 spiny frog simulacra
  22 electric eels
  6 lava snakes
  A black bear skeleton (Crypt:1)
  3 crimson imps
  2 spectral water moccasins (Lair:1)
  2 rime drake skeletons (Lair:1)
  2 spectral crocodiles (Lair:1)
  8 hounds
  6 jellies
  14 orc wizards
  20 orc priests
  2 blink frog simulacra (Lair:1)
  A human simulacrum (Coc:6)
  An iguana (D:5)
  64 mummies
  3 water moccasin zombies (Lair:1)
  19 hell rats
  26 worker ants
  A tengu zombie (Tar:5)
  A wyvern skeleton (Crypt:1)
  2 naga zombies
  An ogre skeleton (Geh:6)
  2 water moccasin skeletons
  6 spectral bullfrogs (Lair:1)
  2 crocodile simulacra (Lair:1)
  2 water moccasin simulacra (Lair:1)
  A wyvern simulacrum (Lair:1)
  3 giant cockroaches (D:2)
  13 iron imps
  A centaur zombie (Tar:1)
  2 porcupine zombies (Lair:1)
  2 wolf zombies (Lair:1)
  8 bullfrog skeletons
  4 bullfrog zombies
  2 porcupine skeletons (Lair:1)
  A wolf skeleton (Lair:1)
  5 shadow imps
  6 adders
  A bullfrog simulacrum (Lair:1)
  5 sewer rats (D:2)
  13 white imps
  5 porcupine simulacra (Lair:1)
  2 worms (D:4)
  4 cinder newts
  A giant cockroach zombie (D:3)
  3 worker ant zombies
  11 ball lightnings (Pan)
  3 dart slugs (D:1)
  3 leopard geckos
  70 orcs
  An adder skeleton (D:5)
  6 ball pythons
  7 bats
  A cinder newt skeleton (D:2)
  5 goblins (D:1)
  6 hobgoblins (D:1)
  6 jackals
  A quokka (Lair:6)
  A ball python skeleton (D:3)
  2 hobgoblin skeletons
  A jackal skeleton (D:3)
  16 kobolds
  A quokka skeleton (D:3)
  3 quokka zombies
  4 rats
  A butterfly (Zot:2)
  2 eldritch tentacles
  5 fire vortices
  8 fungi
  33 pillars of salt
  23 plants
  4 rainbow trout
  4 tentacles
  9 withered plants (D:2)
4894 creatures vanquished.

Vanquished Creatures (others)
  A draconian scorcher (Zot:4)
  5 reapers
  2 green deaths (Pan)
  A lorocyproca (Pan)
  28 dancing weapons
  A salamander (Zot:4)
  A rust devil (Dis:7)
  A spiny frog (Swamp:3)
  2 wraiths
  2 flying skulls (Tomb:2)
  A hell rat (Hell)
  An iron imp (Dis:7)
  A ball lightning (Pan)
  A bush (Lair:6)
  A butterfly (Zot:2)
  An eldritch tentacle (Pan)
  18 fungi
  A lurking horror (Abyss:3)
  96 pillars of salt
  9 plants
  33 rainbow trout
  5 tentacles
  98 withered plants (D:2)
310 creatures vanquished.

Grand Total: 5204 creatures vanquished

Notes
Turn   | Place    | Note
-------+----------+-------------------------------------------
     0 | Start Ma | esc the Octopode Noble began the quest for the Orb.
     0 | Start Ma | Reached XP level 1. HP: 13/13 MP: 2/2
     0 | Start Ma | Found Zalalufa's Mashing MeleeMart.
     6 | Start Ma | Bought an uncursed ring of protection for 440 gold pieces
     8 | Start Ma | Found Xestar's Auxillary Armour.
    16 | Start Ma | Bought a +0 hat for 80 gold pieces
    16 | Start Ma | Found Koumin's Expert Tomes.
    24 | Start Ma | Bought a +0 triple crossbow for 400 gold pieces
    37 | D:1      | esc set off with the following items: a +0 triple crossbow,
                  | a ring of protection, a +0 hat, a ration
   154 | D:1      | Reached XP level 2. HP: 18/18 MP: 4/4
   195 | D:1      | Reached skill level 1 in Crossbows
   329 | D:1      | Reached XP level 3. HP: 23/23 MP: 5/5
   743 | D:2      | Reached XP level 4. HP: 28/28 MP: 6/6
   807 | D:2      | Reached XP level 5. HP: 33/33 MP: 7/7
  1151 | D:2      | Reached skill level 5 in Crossbows
  1494 | D:2      | Reached XP level 6. HP: 38/38 MP: 8/8
  1962 | D:3      | Identified a scroll of acquirement
  2007 | D:3      | Reached XP level 7. HP: 43/43 MP: 9/9
  2445 | D:3      | Found a runed translucent gate.
  2445 | D:3      | Found a runed translucent gate.
  2449 | D:3      | Found a runed translucent gate.
  2449 | D:3      | Noticed a wraith
  2449 | D:3      | Noticed a wraith
  2461 | D:3      | Killed a wraith
  2461 | D:3      | Reached XP level 8. HP: 48/48 MP: 10/10
  2475 | D:3      | Reached skill level 10 in Crossbows
  2476 | D:3      | Killed a wraith
  2730 | D:4      | Reached XP level 9. HP: 53/53 MP: 11/11
  2866 | D:4      | Found a staircase to the Ecumenical Temple.
  2874 | Temple   | Entered the Ecumenical Temple
  2907 | Temple   | Became a worshipper of Gozag Ym Sagoz the Greedy
  2921 | D:4      | Bought a scroll of enchantment for 105 gold pieces
  2921 | D:4      | Bought a scroll of enchantment for 105 gold pieces
  2921 | D:4      | Bought a scroll of fog for 28 gold pieces
  2921 | D:4      | Bought 2 potions of curing for 84 gold pieces
  3821 | D:5      | Entered Level 5 of the Dungeon
  3896 | D:5      | Noticed a manticore
  3897 | D:5      | Killed a manticore
  3909 | D:5      | Found a sacrificial altar of Ru.
  3910 | D:5      | Found a bloodstained altar of Trog.
  3915 | D:5      | Found a radiant altar of Vehumet.
  3915 | D:5      | Found a sparkling altar of Nemelex Xobeh.
  3915 | D:5      | Found a shimmering altar of Xom.
  3931 | D:5      | Noticed Grum
  3932 | D:5      | Killed Grum
  3932 | D:5      | Reached XP level 10. HP: 58/58 MP: 12/12
  3950 | D:5      | Found the +10 large shield of Ignorance {rN+ Int-4}
  3983 | D:5      | Noticed Urug
  3986 | D:5      | Killed Urug
  3986 | D:5      | Reached skill level 15 in Crossbows
  4012 | D:5      | Identified the cursed ring of Vufaggie {rN++ MR+ Dex+5
                  | Stlth-, (Curse: *Slow)}
  4015 | D:5      | Found a staircase to the Lair.
  4208 | D:5      | Noticed a two-headed ogre
  4209 | D:5      | Killed a two-headed ogre
  4423 | D:5      | Found a shattered altar of Ashenzari.
  4495 | D:6      | Noticed a two-headed ogre
  4496 | D:6      | Killed a two-headed ogre
  4496 | D:6      | Reached skill level 1 in Dodging
  4496 | D:6      | Reached skill level 1 in Shields
  4496 | D:6      | Reached XP level 11. HP: 65/65 MP: 13/13
  4935 | D:6      | Found a staircase to the Orcish Mines.
  5074 | D:6      | Noticed a two-headed ogre
  5076 | D:6      | Killed a two-headed ogre
  5373 | Lair:1   | Entered Level 1 of the Lair of Beasts
  5430 | Lair:1   | Reached skill level 5 in Fighting
  5527 | Lair:1   | Noticed a boulder beetle
  5530 | Lair:1   | Killed a boulder beetle
  5530 | Lair:1   | Reached skill level 5 in Dodging
  5539 | Lair:1   | Noticed a six-headed hydra
  5540 | Lair:1   | Killed a six-headed hydra
  5540 | Lair:1   | Reached XP level 12. HP: 77/77 MP: 14/14
  5561 | Lair:1   | Reached skill level 5 in Shields
  6805 | Lair:1   | Noticed a mummy priest
  6806 | Lair:1   | Killed a mummy priest
  6808 | Lair:1   | Reached XP level 13. HP: 88/88 MP: 15/15
  7140 | Lair:2   | Bought the ring of Robustness {AC+8 Str+5} for 981 gold
                  | pieces
  7140 | Lair:2   | Found the ring of Robustness {AC+8 Str+5}
  7146 | Lair:2   | Found a hole to the Spider Nest.
  7180 | Lair:2   | Identified the ring "Put-Me-On" {+Fly rN++ MR+++ Str+5
                  | Int-2}
  7430 | Lair:2   | Found a transporter.
  7433 | Lair:2   | Identified the +0 hat "Guonk" {rF+ MR+ Str+4 Int+4}
  7520 | Lair:2   | Found a transporter.
  8022 | Lair:3   | Found a frozen archway.
  8047 | IceCv    | Entered an ice cave
  8057 | IceCv    | Identified the +6 heater shield of the Shrike {MR++ Str-4
                  | Dex+2}
  8150 | IceCv    | Identified the cursed ring of Dankaath {*Contam rPois rF+
                  | AC+5 Str-3 Slay+3, (Curse: *Corrode rC-)}
  8573 | Lair:3   | Reached XP level 14. HP: 98/98 MP: 16/16
  8773 | Lair:4   | Reached skill level 10 in Fighting
  8798 | Lair:4   | Found a staircase to the Swamp.
  8940 | Lair:4   | Reached skill level 10 in Dodging
  9211 | Lair:4   | Identified the +2 staff of Caockasuel {chaos, death; rElec
                  | rF- rC+ rN+ Dex+2}
 10280 | Lair:6   | Entered Level 6 of the Lair of Beasts
 10480 | Lair:6   | Reached skill level 10 in Shields
 10540 | Lair:6   | Found a staircase to the Slime Pits.
 10954 | Lair:6   | Reached XP level 15. HP: 108/108 MP: 17/17
 11204 | Lair:6   | Found a large runed translucent door.
 11204 | Lair:6   | Found a large runed translucent door.
 11681 | Orc:1    | Entered Level 1 of the Orcish Mines
 11718 | Orc:1    | Identified the cursed ring of Qaphe {+Blink rF- rN+ Int+5
                  | Dex+2, (Curse: Fragile)}
 11861 | Orc:2    | Entered Level 2 of the Orcish Mines
 11922 | Orc:2    | Found Xicleloc's Jewellery Boutique.
 12052 | Orc:2    | Found Hoaxeth's Antique Armour Emporium.
 12119 | Orc:2    | Found Urumobu's Antique Armour Boutique.
 12135 | Orc:2    | Found Huomarhe's Antique Weapon Boutique.
 12158 | Orc:2    | Bought a pitted hat for 333 gold pieces
 12158 | Orc:2    | Identified the +2 hat "Ruylu" {*Drain rN+ Str+2} (You
                  | bought it in a shop on level 2 of the Orcish Mines)
 12182 | Orc:2    | Found Yskadd's General Store.
 12194 | Orc:2    | Found a staircase to the Elven Halls.
 12586 | Orc:2    | Bought a scroll of bless item for 960 gold pieces
 12586 | Orc:2    | Bought a potion of curing for 96 gold pieces
 12586 | Orc:2    | Bought a potion of curing for 96 gold pieces
 12598 | Elf:1    | Entered Level 1 of the Elven Halls
 13085 | Elf:1    | Reached XP level 16. HP: 119/119 MP: 18/18
 13676 | Elf:2    | Noticed Jorgrun
 13677 | Elf:2    | Killed Jorgrun
 13677 | Elf:2    | Reached skill level 5 in Stealth
 13758 | Elf:2    | Identified the +4 scale mail "Bobovarch" {*Corrode rElec
                  | rF+ Str+5}
 13799 | Elf:2    | Reached skill level 15 in Fighting
 13867 | Elf:2    | Found a huge runed translucent gate.
 13867 | Elf:2    | Found a huge runed translucent gate.
 13867 | Elf:2    | Found a huge runed translucent gate.
 13869 | Elf:2    | Found a huge runed translucent gate.
 13871 | Elf:2    | Found a huge runed translucent gate.
 13961 | Elf:2    | Found a runed translucent door.
 13982 | Elf:2    | Identified the cursed ring of the Tempest {rElec MR+ Str-2
                  | Dex+2, (Curse: Fragile)}
 14258 | Elf:2    | Noticed Donald
 14259 | Elf:2    | Killed Donald
 14602 | Elf:3    | Entered Level 3 of the Elven Halls
 14615 | Elf:3    | Reached XP level 17. HP: 129/129 MP: 19/19
 15160 | Elf:3    | Identified the cursed amulet of Incredulity {RegenMP
                  | Fragile MR++ Str+3 Int+3, (Curse: Fragile Stlth-)}
 15403 | Elf:3    | Noticed a Brimstone Fiend
 15420 | Elf:3    | Reached skill level 10 in Stealth
 15600 | Elf:3    | Found the +9 sword of Zonguldrok {reap}
 15601 | Elf:3    | Identified the antimagic +3 nunchaku of Qiaheef {antimagic,
                  | rPois MP-9 Str+3}
 15636 | Elf:3    | Found the ring of Shadows {Umbra +Inv Stlth+}
 15659 | Elf:3    | Identified the +7 hunting sling of Duym {venom, MP-9 Str+5
                  | Dex+9}
 15666 | Elf:3    | Identified Cazal's Catalogue of Fire
 16110 | Spider:1 | Entered Level 1 of the Spider Nest
 16110 | Spider:1 | Noticed Roxanne
 16112 | Spider:1 | Killed Roxanne
 16239 | Spider:1 | Noticed Aizul
 16241 | Spider:1 | Killed Aizul
 16255 | Spider:1 | Noticed Circe
 16256 | Spider:1 | Reached XP level 18. HP: 138/138 MP: 20/20
 16258 | Spider:1 | Killed Circe
 16519 | Spider:1 | Noticed Asterion
 16522 | Spider:1 | Killed Asterion
 17139 | Spider:2 | Noticed Azrael
 17141 | Spider:2 | Killed Azrael
 17697 | Spider:4 | Entered Level 4 of the Spider Nest
 17753 | Spider:4 | Identified the cursed +9 rapier of Ru's Benevolence {venom,
                  | +Blink rPois rF- +Vis, (Curse: *Corrode)}
 17851 | Spider:4 | Reached skill level 15 in Dodging
 18267 | Spider:4 | Got a gossamer rune of Zot
 18702 | Swamp:1  | Entered Level 1 of the Swamp
 18770 | Swamp:1  | Reached XP level 19. HP: 145/145 MP: 21/21
 19252 | Swamp:1  | Identified the cursed amulet of Vytzamme {Spirit Str+4
                  | Slay+3, (Curse: *Tele rF-)}
 20560 | Swamp:3  | Identified the cursed +10 scimitar of Somewhere Else
                  | {freeze, +Rage rElec rPois Stlth+, (Curse: *Slow)}
 20647 | Swamp:4  | Entered Level 4 of the Swamp
 20798 | Swamp:4  | Noticed the 27-headed Lernaean hydra
 20799 | Swamp:4  | Killed the 27-headed Lernaean hydra
 20874 | Swamp:4  | Got a decaying rune of Zot
 20936 | Swamp:4  | Reached skill level 15 in Shields
 21006 | Swamp:4  | Reached XP level 20. HP: 133/154 MP: 22/22
 22064 | D:7      | Reached skill level 15 in Stealth
 22240 | D:7      | Found a gate to the Vaults.
 22249 | Vaults:1 | Entered Level 1 of the Vaults
 23263 | Vaults:2 | Noticed Mennas
 23278 | Vaults:2 | Killed Mennas
 23395 | Vaults:2 | Found the +6 arbalest "Hellfire" {hellfire}
 23395 | Vaults:2 | Identified the +3 arbalest "Werashrae" {elec, *Corrode
                  | rElec rC+}
 23397 | Vaults:2 | Identified the cursed +9 arbalest "Fotej" {venom, *Drain
                  | rF+ rC++, (Curse: Fragile)}
 23467 | Vaults:2 | Noticed Bai Suzhen
 23474 | Vaults:2 | Killed Bai Suzhen
 23530 | Vaults:2 | Noticed Saint Roka
 23533 | Vaults:2 | Killed Saint Roka
 23726 | Vaults:2 | Identified the ring of Cuteofar {*Drain rN+ Dex+6}
 23793 | Vaults:2 | Found a shattered altar of Ashenzari.
 23801 | Vaults:2 | Reached XP level 21. HP: 162/162 MP: 23/23
 24021 | Vaults:2 | Identified the +6 heater shield of Hoxeiwe {rElec rPois
                  | Dex+4}
 24587 | Vaults:3 | Found a staircase to the Crypt.
 24629 | Vaults:3 | Identified the cursed ring "Tuxe" {MR+ Int+3 Stlth+,
                  | (Curse: *Slow Fragile)}
 25132 | Vaults:3 | Found a runed translucent gate.
 25132 | Vaults:3 | Found a runed translucent gate.
 25132 | Vaults:3 | Found a runed translucent gate.
 25134 | Vaults:3 | Noticed hyperkahler's ghost (veteran MiFi)
 25149 | Vaults:3 | Killed hyperkahler's ghost
 25465 | Vaults:4 | Noticed Jory
 25467 | Vaults:4 | Killed Jory
 25893 | Vaults:4 | Identified the cursed ring "Soimu" {rPois rC+++ rN+ MR-,
                  | (Curse: Fragile)}
 25899 | Vaults:4 | Reached XP level 22. HP: 170/170 MP: 24/24
 26062 | Vaults:4 | Found a portal to a secret trove of treasure.
 26086 | Vaults:4 | Noticed Sojobo
 26092 | Vaults:4 | Killed Sojobo
 26123 | Vaults:4 | Noticed Margery
 26131 | Vaults:4 | Killed Margery
 26523 | Vaults:5 | Entered Level 5 of the Vaults
 26523 | Vaults:5 | Identified the cursed ring of Wysegad {MR+ Dex+4 Stlth-,
                  | (Curse: *Corrode Fragile)}
 26630 | Vaults:5 | Identified Maenkuuch's Disquisition on Fire
 26671 | Vaults:5 | Identified the +5 morningstar "Ziklees" {molten, Int+4}
 26761 | Vaults:5 | Identified the cursed amulet "Lufiumadoe" {Faith rElec
                  | Slay+3, (Curse: Fragile -Vis rC-)}
 26873 | Vaults:5 | Identified the +7 trident "Naidaf" {pain, Str+4 Int+2
                  | Dex+2}
 26923 | Vaults:5 | Noticed a golden dragon
 26926 | Vaults:5 | Killed a golden dragon
 26926 | Vaults:5 | Reached XP level 23. HP: 178/178 MP: 25/25
 27131 | Vaults:5 | Identified the +2 staff "Hydraslayer" {warp, poison;
                  | *Contam rPois rC+ Str+4 Dex+2}
 27214 | Vaults:5 | Identified the cursed +6 staff "Oseet" {wizard, tMut;
                  | Int+4, (Curse: Stlth-)}
 27215 | Vaults:5 | Identified the +5 battleaxe of Apucwuu {freeze, +Rage Str-4
                  | Dex+9 Stlth+}
 27356 | Vaults:5 | Identified the cursed ring "Acwilax" {rPois MR+ Stlth+,
                  | (Curse: Fragile)}
 27368 | Vaults:5 | Identified the ring "Qaomnesadgh" {rF+ rC+ Dex+5}
 27372 | Vaults:5 | Identified the ring of Riciehoe {rC+ Str+5 Int-2 +Vis}
 27382 | Vaults:5 | Identified Gosyoxt's Reference Book on the Blaze
 27402 | Vaults:5 | Got a silver rune of Zot
 27414 | Vaults:5 | Bought the cursed ring "Yloucwen" {rF+ AC+5, (Curse:
                  | *Corrode)} for 990 gold pieces
 27420 | Vaults:5 | Bought the brooch of Shielding {Reflect AC+5 EV+5 SH+5} for
                  | 1894 gold pieces
 27420 | Vaults:5 | Found the brooch of Shielding {Reflect AC+5 EV+5 SH+5}
 27423 | Vaults:5 | Bought the ring of Phasing {EV+8 Dex+5} for 1717 gold
                  | pieces
 27423 | Vaults:5 | Found the ring of Phasing {EV+8 Dex+5}
 27683 | D:8      | Entered Level 8 of the Dungeon
 27745 | D:8      | Found a stormy altar of Qazlal.
 27745 | D:8      | Noticed Agnes
 27747 | D:8      | Killed Agnes
 27788 | D:8      | Noticed Nessos
 27789 | D:8      | Killed Nessos
 27877 | D:8      | Found a runed translucent door.
 27877 | D:8      | Noticed Jahylo's ghost (novice DECj)
 27902 | D:8      | Killed Jahylo's ghost
 27958 | D:8      | Found a staircase to the Depths.
 28167 | D:8      | Noticed Louise
 28168 | D:8      | Killed Louise
 28423 | D:8      | Found a blossoming altar of Fedhas.
 28485 | Depths:1 | Entered Level 1 of the Depths
 28485 | Depths:1 | Identified the +0 battleaxe "Birhipiytus" {pain, Dex+7
                  | Stlth+}
 28485 | Depths:1 | Identified the cursed amulet "Omoll" {+Rage rElec, (Curse:
                  | Fragile)}
 28648 | Depths:1 | Found a one-way gate to the infinite horrors of the Abyss.
 28648 | Depths:1 | Found a gateway to a ziggurat.
 28879 | Depths:1 | Found a gateway to Hell.
 29079 | Depths:1 | Found Wuskoy's Pet Rocks.
 29242 | Depths:2 | Reached XP level 24. HP: 185/185 MP: 25/25
 29311 | Depths:2 | Found a hide-covered altar of Uskayaw.
 29461 | Depths:2 | Identified the cursed amulet of Faofeoj {Acrobat rPois rF+
                  | Str-2 Dex+3, (Curse: Fragile)}
 29582 | Depths:2 | Found a runed translucent door.
 29588 | Depths:2 | Found a runed translucent door.
 29642 | Depths:2 | Found a burning altar of Makhleb.
 29666 | Depths:2 | Identified the +5 fustibalus "Pozamaj" {molten, rF+ Str+3
                  | Dex+2}
 29666 | Depths:2 | Found the amulet of the Air {-Vis +Fly rElec EV+5 RMsl}
 29666 | Depths:2 | Identified the +6 cleaver of Cuurch Xedama {acid, rC+ MR++}
 29761 | Depths:2 | Identified the cursed +8 halberd of Jithra Ydgho {freeze,
                  | rF+ MR+ +Vis, (Curse: Str-3)}
 30039 | Depths:2 | Found a burning altar of Makhleb.
 30403 | Hell     | Entered the Vestibule of Hell
 30403 | Hell     | Noticed Geryon
 30408 | Hell     | Killed Geryon
 30826 | Hell     | Found a gateway to the freezing wastes of Cocytus.
 31018 | Hell     | Found a gateway to the Iron City of Dis.
 31088 | Hell     | Found a gateway to the ashen valley of Gehenna.
 31155 | Hell     | Found a gateway to the decaying netherworld of Tartarus.
 31273 | Coc:1    | Entered Level 1 of Cocytus
 31280 | Coc:1    | Reached XP level 25. HP: 191/191 MP: 25/25
 31395 | Coc:1    | Identified the cursed ring "Holuesui" {rC+ MP+9, (Curse:
                  | Fragile)}
 31818 | Coc:2    | Identified the cursed ring "Culouh See" {rF+ rN+ Str+2,
                  | (Curse: *Slow Fragile rC-)}
 31845 | Coc:3    | Reached skill level 27 in Crossbows
 31988 | Coc:3    | Identified the cursed ring "Wionot" {*Tele +Blink rPois
                  | Dex+5, (Curse: Fragile)}
 32229 | Coc:6    | Identified the cursed ring "Xace" {Fire MR- Dex+6, (Curse:
                  | *Tele Fragile)}
 32317 | Coc:6    | Found a huge runed gate.
 32489 | Coc:6    | Found a huge runed gate.
 32489 | Coc:6    | Found a huge runed gate.
 32490 | Coc:6    | Found a huge runed gate.
 32492 | Coc:6    | Found a huge runed gate.
 32514 | Coc:6    | Noticed a shard shrike
 32514 | Coc:6    | Killed a shard shrike
 32543 | Coc:7    | Entered Level 7 of Cocytus
 32590 | Coc:7    | Noticed a shard shrike
 32590 | Coc:7    | Identified the cursed ring "Tatoug" {*Drain rPois Str+8
                  | Slay+3, (Curse: Fragile)}
 32590 | Coc:7    | Noticed a shard shrike
 32590 | Coc:7    | Noticed a shard shrike
 32590 | Coc:7    | Killed a shard shrike
 32591 | Coc:7    | Killed a shard shrike
 32594 | Coc:7    | Killed a shard shrike
 32594 | Coc:7    | Reached XP level 26. HP: 160/196 MP: 25/25
 32714 | Coc:7    | Noticed a shard shrike
 32715 | Coc:7    | Killed a shard shrike
 32719 | Coc:7    | Noticed a shard shrike
 32720 | Coc:7    | Killed a shard shrike
 32722 | Coc:7    | Noticed a shard shrike
 32723 | Coc:7    | Killed a shard shrike
 32779 | Coc:7    | Identified the +7 short sword of Imminent Death {freeze,
                  | *Drain rF+ rN+ Dex+2}
 32781 | Coc:7    | Identified the cursed +8 staff "Moineufo" {wizard, fire;
                  | rElec rF+ rC+ Str+3, (Curse: *Corrode *Drain)}
 32782 | Coc:7    | Identified the cursed ring "Rianablygon" {*Slow rPois Str+3
                  | Int+6 Stlth-, (Curse: MR-)}
 32784 | Coc:7    | Found the +7 captain's cutlass {speed, disarm}
 32943 | Coc:7    | Identified the amulet "Zeghuxiw" {Reflect rF+ SH+5}
 32943 | Coc:7    | Noticed Antaeus
 32949 | Coc:7    | Killed Antaeus
 32958 | Coc:7    | Identified the +0 scimitar "Arcanum" {venom, -Vis rF- rC+
                  | Int+9}
 32964 | Coc:7    | Got an icy rune of Zot
 33096 | Dis:1    | Entered Level 1 of the Iron City of Dis
 33122 | Dis:2    | Gained mutation: You tend to lose your temper in combat.
                  | [mutagenic glow]
 33150 | Dis:3    | Gained mutation: You are frail. (-10% HP) [mutagenic glow]
 33170 | Dis:3    | Gained mutation: You are weak. (Str -2) [mutagenic glow]
 33471 | Dis:5    | Reached XP level 27. HP: 178/178 MP: 25/25
 33614 | Dis:5    | Gained mutation: You are dopey. (Int -2) [mutagenic glow]
 33805 | Dis:7    | Entered Level 7 of the Iron City of Dis
 34145 | Dis:7    | Identified the +7 glaive "Beetleslayer" {chop, rElec rPois
                  | rN+ Stlth+}
 34148 | Dis:7    | Identified the cursed +11 spear "Rynu" {freeze, *Slow rF++
                  | Int+3, (Curse: MR-)}
 34168 | Dis:7    | Identified the Incunabulum of the Blaze
 34445 | Dis:7    | Noticed the Serpent of Hell
 34474 | Dis:7    | Killed the Serpent of Hell
 34539 | Dis:7    | Identified the cursed +5 double sword "Hahapt" {pain, Int+2
                  | Stlth+, (Curse: *Contam rC-)}
 34570 | Dis:7    | Found the +4 staff of Dispater
 34570 | Dis:7    | Noticed Dispater
 34580 | Dis:7    | Killed Dispater
 34613 | Dis:7    | Got an iron rune of Zot
 34779 | Geh:1    | Entered Level 1 of Gehenna
 34786 | Geh:1    | Identified the ring "Loecy" {-Vis rPois rN+ Dex+4 Stlth-}
 35164 | Geh:6    | Gained mutation: Your magical capacity is low. (-10% MP)
                  | [mutagenic glow]
 35206 | Geh:6    | Gained mutation: Your poor vision makes scrolls take longer
                  | to read and aiming more difficult. [mutagenic glow]
 35236 | Geh:6    | Gained mutation: Your magical capacity is very low. (-20%
                  | MP) [mutagenic glow]
 35339 | Geh:7    | Entered Level 7 of Gehenna
 35626 | Geh:7    | Found the cursed ring of the Octopus King {AC+1 EV+1 Str+1
                  | Int+1 Dex+1 Slay+5, (Curse: -Vis)}
 35871 | Geh:7    | Identified the cursed +9 quarterstaff of Paod {crush,
                  | Fragile rPois Dex+4, (Curse: rC-)}
 36029 | Geh:7    | Found the +7 sceptre of Asmodeus
 36029 | Geh:7    | Noticed Asmodeus
 36036 | Geh:7    | Killed Asmodeus
 36045 | Geh:7    | Found the +2 shield of Resistance {rF+ rC+ MR+}
 36054 | Geh:7    | Identified the +6 mace "Giantslayer" {crush, rC+}
 36057 | Geh:7    | Identified the +0 hammer "Roca" {crush, Str+5 Dex+4}
 36057 | Geh:7    | Found the +10 dark maul {crush}
 36062 | Geh:7    | Identified the +4 spear of Ongyfion {freeze, rPois rF+ rC++
                  | Str-3}
 36092 | Geh:7    | Got an obsidian rune of Zot
 36178 | Tar:1    | Entered Level 1 of Tartarus
 36183 | Tar:1    | Reached skill level 27 in Stealth
 36515 | Tar:4    | Identified the cursed ring of Prescription {rN+ EV+5 Str+4,
                  | (Curse: *Slow Fragile)}
 36515 | Tar:4    | Identified the cursed ring "Fasinef" {rCorr Str+6 Stlth+,
                  | (Curse: Fragile)}
 36865 | Tar:7    | Entered Level 7 of Tartarus
 37117 | Tar:7    | Identified the cursed amulet of Pragmatism {+Rage rElec
                  | rC+, (Curse: Fragile)}
 37870 | Tar:7    | Noticed Ereshkigal
 37873 | Tar:7    | Killed Ereshkigal
 37882 | Tar:7    | Identified the cursed ring of Feir {*Tele Int+4, (Curse:
                  | *Tele *Corrode)}
 37896 | Tar:7    | Identified the cursed +11 club of Causality {elec, rF+,
                  | (Curse: MR-)}
 37903 | Tar:7    | Identified the Papyrus of the Volcanoes
 37904 | Tar:7    | Identified the cursed +7 flail "Omeboll" {crush, rElec rF+
                  | MR+ MP+9 Int-5, (Curse: rC-)}
 37907 | Tar:7    | Identified the +8 executioner's axe of Foolhardiness {holy,
                  | rC+ Dex+2}
 37909 | Tar:7    | Got a bone rune of Zot
 38697 | Depths:3 | Found a one-way gate leading to the halls of Pandemonium.
 38730 | Depths:3 | Noticed Boris
 38731 | Depths:3 | Killed Boris
 39172 | Pan      | Entered Pandemonium
 39214 | Pan      | Noticed Onou the pandemonium lord
 39216 | Pan      | Killed Onou the pandemonium lord
 39277 | Pan      | Found an exit through the horrors of the Abyss.
 39444 | Pan      | Entered the realm of Mnoleg.
 39642 | Pan      | Noticed Mnoleg
 39644 | Pan      | Killed Mnoleg
 39679 | Pan      | Got a glowing rune of Zot
 39885 | Pan      | Identified the ring "Ditalin" {Str+2 Int+4 Slay+5} (You
                  | acquired it in Pandemonium)
 39984 | Pan      | Entered the realm of Gloorx Vloq.
 40565 | Pan      | Noticed Gloorx Vloq
 40570 | Pan      | Killed Gloorx Vloq
 40629 | Pan      | Got a dark rune of Zot
 40712 | Pan      | Reached skill level 27 in Fighting
 40843 | Pan      | Entered the realm of Lom Lobon.
 40916 | Pan      | Identified the cursed ring of Othevvid {rCorr Stlth+,
                  | (Curse: *Drain Fragile)}
 40934 | Pan      | Noticed Lom Lobon
 40941 | Pan      | Killed Lom Lobon
 40953 | Pan      | Got a magical rune of Zot
 41116 | Pan      | Entered the realm of Cerebov.
 41289 | Pan      | Found the +6 sword of Cerebov {molten}
 41289 | Pan      | Noticed Cerebov
 41300 | Pan      | Killed Cerebov
 41324 | Pan      | Identified the +9 short sword of Upheaval {elec, Dex+2}
 41334 | Pan      | Identified the +4 scale mail "Adeucop" {*Contam rC+++ MR++
                  | Stlth-}
 41343 | Pan      | Identified the cursed ring of Fetigen {+Inv MR+ Str+5 Int-4
                  | Slay+5, (Curse: rF-)}
 41363 | Pan      | Identified the cursed ring of Xitaduca {rPois rF- Dex+8
                  | Slay+5 +Vis, (Curse: rC-)}
 41363 | Pan      | Identified the +6 staff "Fish" {scoped, earth; AC+5 Dex+7}
 41391 | Pan      | Got a fiery rune of Zot
 41472 | Pan      | Identified the cursed +12 glaive "Cylipsups" {vamp, +Blink
                  | rC+ Int+2, (Curse: rF-)}
 41473 | Pan      | Identified the Papyrus of Flames
 41588 | Pan      | Identified the cursed +1 pair of boots "Copuip" {MR+,
                  | (Curse: *Drain rC-)}
 41653 | Pan      | Reached skill level 27 in Dodging
 41704 | Pan      | Found a runed translucent door.
 41941 | Pan      | Noticed Xosch the pandemonium lord
 41942 | Pan      | Killed Xosch the pandemonium lord
 42095 | Pan      | Identified the +3 arbalest of Eternal Vigilance {chaos, rC+
                  | MP+9 Str-5} (You acquired it in Pandemonium)
 42095 | Pan      | Identified the ring "Daottes" {rPois rC+ rN+ Dex+2} (You
                  | acquired it in Pandemonium)
 42220 | Pan      | Noticed Mingin the pandemonium lord
 42221 | Pan      | Killed Mingin the pandemonium lord
 42325 | Pan      | Gained mutation: Potions are less effective at restoring
                  | your health. [magical radiation]
 42327 | Pan      | Gained mutation: Your natural rate of healing is unusually
                  | fast. [magical radiation]
 42462 | Pan      | Found an exit through the horrors of the Abyss.
 42606 | Pan      | Reached skill level 27 in Shields
 42735 | Pan      | Reached skill level 1 in Unarmed Combat
 42735 | Pan      | Reached skill level 1 in Evocations
 42769 | Pan      | Noticed Jinwyl the pandemonium lord
 42775 | Pan      | Killed Jinwyl the pandemonium lord
 42904 | Pan      | Identified the cursed +2 storm dragon scales "Veshreteq"
                  | {rElec rC- rN+++ rCorr Stlth-, (Curse: rF- Soulbond)}
 43112 | Pan      | Reached skill level 5 in Unarmed Combat
 43112 | Pan      | Reached skill level 5 in Evocations
 43332 | Pan      | Noticed Hetig the pandemonium lord
 43335 | Pan      | Killed Hetig the pandemonium lord
 43409 | Pan      | Found a glowing silver altar of Zin.
 43410 | Pan      | Identified the cursed +6 scutum of Uxyinkis {rC+, (Curse:
                  | Fragile)}
 43488 | Pan      | Identified the cursed amulet "Noter" {-Vis rC+, (Curse:
                  | -Tele Fragile)}
 43562 | Pan      | Identified the +6 halberd of the Extremely Mad {freeze, rF-
                  | Int+6}
 43799 | Pan      | Found a glowing golden altar of the Shining One.
 43799 | Pan      | Noticed a seraph
 43800 | Pan      | Identified the cursed +1 cloak of Jaczeuth {rC+ Str+4
                  | Dex+3, (Curse: rC- MR-)}
 43803 | Pan      | Killed a seraph
 43803 | Pan      | Reached skill level 10 in Unarmed Combat
 43803 | Pan      | Reached skill level 10 in Evocations
 43808 | Pan      | Identified the +3 leather armour of Helyular {rElec Regen+
                  | Stlth+}
 43822 | Pan      | Identified the ring "Jerrogh" {Dex+3 Stlth+}
 43827 | Pan      | Got a demonic rune of Zot
 43882 | Depths:3 | Escaped Pandemonium
 44267 | Slime:1  | Entered Level 1 of the Pits of Slime
 45084 | Slime:3  | Noticed Dissolution
 45086 | Slime:3  | Killed Dissolution
 45840 | Slime:5  | Entered Level 5 of the Pits of Slime
 45942 | Slime:5  | Noticed the Royal Jelly
 45952 | Slime:5  | Killed the Royal Jelly
 46033 | Slime:5  | Got a cracked rune of Zot
 46043 | Slime:5  | Identified the +7 long sword of Benevolence {speed, +Inv
                  | Int+5}
 46876 | Depths:1 | Bought a scroll of magic mapping for 73 gold pieces
 46876 | Depths:1 | Bought a potion of invisibility for 168 gold pieces
 46878 | Depths:1 | Bought a potion of heal wounds for 100 gold pieces
 46889 | Depths:1 | Voluntarily entered the Abyss.
 47011 | Abyss:3  | Found a corrupted altar of Lugonu.
 47022 | Abyss:3  | Found a corrupted altar of Lugonu.
 47131 | Abyss:3  | Reached skill level 15 in Unarmed Combat
 47135 | Abyss:3  | Reached skill level 15 in Evocations
 47163 | Abyss:3  | Got an abyssal rune of Zot
 47176 | Depths:1 | Escaped the Abyss
 47448 | Crypt:1  | Entered Level 1 of the Crypt
 47860 | Crypt:1  | Identified the +1 scale mail of Grace {rCorr Int+2 +Vis}
 48497 | Crypt:2  | Noticed Boris
 48499 | Crypt:2  | Killed Boris
 48515 | Crypt:2  | Identified the +10 targe of Vaimileu {acid, rPois rC-
                  | Dex+8}
 48839 | Crypt:3  | Entered Level 3 of the Crypt
 48919 | Crypt:3  | Found a staircase to the Tomb.
 49440 | Crypt:3  | Found a basalt altar of Yredelemnul.
 49449 | Crypt:3  | Found an ancient bone altar of Kikubaaqudgha.
 49463 | Crypt:3  | Identified the +6 staff of Tortfeasance {energy, air; rElec
                  | rF++ Int+5 Dex-2}
 49752 | Tomb:1   | Entered Level 1 of the Tomb of the Ancients
 49752 | Tomb:1   | Identified the +5 scythe "Caoresab" {slice, rElec rF++}
 49752 | Tomb:1   | Noticed Boris
 49753 | Tomb:1   | Killed Boris
 51494 | Tomb:1   | Noticed a greater mummy
 51495 | Tomb:1   | Killed a greater mummy
 51823 | Tomb:3   | Entered Level 3 of the Tomb of the Ancients
 51899 | Tomb:3   | Lost intelligence.
 52055 | Tomb:3   | Noticed an ancient lich
 52056 | Tomb:3   | Killed an ancient lich
 52113 | Tomb:3   | Noticed an ancient lich
 52115 | Tomb:3   | Killed an ancient lich
 52351 | Tomb:3   | Identified the ring "Kethricw" {*Tele MR+}
 52543 | Tomb:3   | Identified the cursed +0 mace "Beulitru" {antimagic, +Blink
                  | MR+ Dex+2, (Curse: *Drain)}
 52543 | Tomb:3   | Identified the +6 cleaver of Nightmares {slice, rN+ MR+}
 52544 | Tomb:3   | Identified the cursed ring of Qazlal's Pride {rC+ rN+ MR+
                  | Dex+4, (Curse: *Slow)}
 52545 | Tomb:3   | Identified the cursed +12 staff "Embalmer" {accurate,
                  | death; rElec rC+ rN+ Str+2 Dex+3, (Curse: *Slow MR-)}
 52545 | Tomb:3   | Identified the +9 staff of Loup {energy, life; rC+ Dex+2}
 52546 | Tomb:3   | Identified the +3 club of Sudden Death {holy, rN+ Str-4
                  | Int+3}
 52608 | Tomb:3   | Identified the Reference Book on Ignition
 52610 | Tomb:3   | Identified the Handbook of Fire
 52762 | Tomb:3   | Got a golden rune of Zot
 53558 | Depths:4 | Found Ylluz's Food Shoppe.
 53748 | Depths:4 | Identified the +3 morningstar "Elupay Jagi" {crush, rN++}
 53952 | Depths:5 | Entered Level 5 of the Depths
 53976 | Depths:5 | Noticed Frederick
 53977 | Depths:5 | Killed Frederick
 54062 | Depths:5 | Found an ornate altar of the Wu Jian Council.
 54101 | Depths:5 | Identified the cursed amulet of Muges {*Slow MR+ Regen+
                  | MP+9 Str+3, (Curse: *Tele Fragile)}
 54174 | Depths:5 | Found a gate to the Realm of Zot.
 54871 | Zot:1    | Entered Level 1 of the Realm of Zot
 54877 | Zot:1    | Noticed an orb of fire
 54877 | Zot:1    | Gained mutation: You often lose your temper in combat. [an
                  | orb of fire]
 54880 | Zot:1    | Killed an orb of fire
 55191 | Zot:1    | Identified the cursed ring "Ykahoum" {Dex+7 Stlth-, (Curse:
                  | *Drain Fragile Slay-2)}
 55985 | Zot:2    | Identified the amulet "Wiqoz" {Chaos *Drain rF+ Dex+3}
 56034 | Zot:2    | Noticed an ancient lich
 56035 | Zot:2    | Found an ancient bone altar of Kikubaaqudgha.
 56035 | Zot:2    | Noticed an ancient lich
 56036 | Zot:2    | Found a runed translucent gate.
 56036 | Zot:2    | Found a runed translucent gate.
 56036 | Zot:2    | Found a runed translucent gate.
 56036 | Zot:2    | Noticed ShutUppercut's ghost (legendary DsGl)
 56036 | Zot:2    | Noticed an ancient lich
 56037 | Zot:2    | Identified the +1 pair of gloves of the Game of Kings
                  | {rElec}
 56037 | Zot:2    | Identified the ring "Osuonn" {rN+ Str+5 Int+3}
 56485 | Zot:2    | Identified the +8 hammer of Trauma {chaos, rPois MR+ Dex+5
                  | Stlth-}
 56528 | Zot:2    | Noticed an ancient lich
 56822 | Zot:3    | Identified the +1 helmet of Nus Osurph {rElec rF+ rN++
                  | Str-4}
 56911 | Zot:3    | Noticed an orb of fire
 57369 | Zot:3    | Killed an orb of fire
 57691 | Zot:4    | Identified a +0 pair of boots of running
 57694 | Zot:4    | Noticed an orb of fire
 57695 | Zot:4    | Killed an orb of fire
 58737 | Zot:5    | Entered Level 5 of the Realm of Zot
 59153 | Zot:5    | Noticed an ancient lich
 59154 | Zot:5    | Killed an ancient lich
 59274 | Zot:5    | Reached skill level 27 in Unarmed Combat
 59276 | Zot:5    | Reached skill level 27 in Evocations
 59280 | Zot:5    | Learned a level 2 spell: Blink
 59284 | Zot:5    | Learned a level 3 spell: Regeneration
 59287 | Zot:5    | Learned a level 2 spell: Swiftness
 59290 | Zot:5    | Learned a level 2 spell: Passwall
 59451 | Zot:5    | Reached skill level 1 in Necromancy
 59452 | Zot:5    | Reached skill level 1 in Charms
 59452 | Zot:5    | Reached skill level 1 in Transmutations
 59452 | Zot:5    | Reached skill level 1 in Air Magic
 59452 | Zot:5    | Reached skill level 1 in Translocations
 59452 | Zot:5    | Reached skill level 1 in Earth Magic
 59466 | Zot:5    | Killed a Killer Klown
 59492 | Zot:5    | Noticed an orb of fire
 59493 | Zot:5    | Noticed a Killer Klown
 59495 | Zot:5    | Killed a Killer Klown
 59705 | Zot:5    | Got the Orb of Zot
 59734 | Zot:5    | Identified the +3 buckler of the Okapi {+Inv Str+8 Dex-2}
 59785 | Zot:4    | Noticed Jiupsug the pandemonium lord
 60050 | D:8      | Noticed Araoclo the pandemonium lord
 60053 | D:8      | Killed Araoclo the pandemonium lord
 60271 | D:$      | Escaped with the Orb!

Levels and vault maps discovered:
D:1:      dpeg_arrival_boxes_within_box, layout_basic
D:2:      layout_sewer
D:3:      miniossuary_kennysheep_ghosthouse, layout_cave_pools, first_ration
D:4:      layout_layer_cave, minmay_temple_entry_statues_fountains
D:5:      layout_long_grid, grunt_temple_overflow_open,
          lemuel_coloured_pillars_altar, erik_lair_orcish_takeover, uniq_grum,
          uniq_urug
D:6:      layout_basic, erik_orc_1
D:7:      layout_roguey, david_vaults_4, kennysheep_decorative_pillar,
          david_nohive_1
D:8:      grunt_enter_depths_hoard, layout_irregular_city, fedhas_altar_4,
          hellmonk_ghost_happy_afterlife, nicolae_qazlal_style_of_elements,
          uniq_louise, uniq_nessos, uniq_agnes
Temple:   eino_temple_scatter_basement
Lair:1:   layout_gridlike, ossuary_boxes_badplayer, grunt_megastairs_1,
          infiniplex_staircase_pool
Lair:2:   gammafunk_cloud_chamber, layout_misc_corridors,
          spider_nest_entry_webs, lemuel_fruit_tree, serial_bayou_shore_b
Lair:3:   layout_gridlike, portal_ice_cave_entry_ice_beasts,
          beast_lair_carwin_6, infiniplex_staircase_pool_2
Lair:4:   layout_roguey, swamp_mist_pool
Lair:5:   layout_cave_pods
Lair:6:   cheibrodos_lair_end_hotspot, layout_gridlike,
          minmay_slime_entry_pillars, serial_bayou_ford_a,
          minmay_lair_oklob_bushes, minivault_29, lemuel_fruit_fields
Swamp:1:  layout_basic_swamp, evilmike_swamp_ruin_rubble_2
Swamp:2:  layout_basic_swamp, hangedman_swamp_cone, swamp_pool4,
          hangedman_swamp_wriggling
Swamp:3:  layout_basic_swamp, evilmike_swamp_ruin_house_1
Swamp:4:  swamp_old_school, layout_basic_swamp
Spider:1: layout_spider_delve, uniq_roxanne, uniq_circe, uniq_asterion,
          uniq_aizul
Spider:2: layout_spider_delve, uniq_azrael
Spider:3: layout_spider_delve
Spider:4: grunt_spider_rune_island, einodemon_crawler_minivault,
          nicolae_spider_cling_ruins
Slime:1:  layout_caves
Slime:2:  layout_caves, cheibrodos_slime_lost_civilization_6
Slime:3:  cheibrodos_slime_lost_civilization_1, layout_caves, dissolution_awaits
Slime:4:  layout_regular_city
Slime:5
Orc:1:    layout_caves
Orc:2:    grunt_orc_gardens, layout_caves, grunt_orc_garden, grunt_orc_garden,
          grunt_orc_garden, grunt_orc_garden, serial_shops, shop,
          statue_in_the_mist_lemuel
Elf:1:    layout_loops_corners, minivault_28
Elf:2:    layout_geoelf_diagonals, hex_large, minivault_13, uniq_donald,
          uniq_jorgrun
Elf:3:    elf_hall, layout_geoelf_castle
Vaults:1: vaults_dpeg_hooks, nicolae_vaults_three_branches,
          nicolae_vaults_holding_cells, v_pattern_3, v_misc_30,
          hangedman_vaults_corner_blocks, nicolae_vaults_asterisk,
          ontoclasm_vaults_hangar, v_misc_16, grunt_vaults_funnel,
          v_alt_pattern_6, hangedman_vaults_hat, v_misc_19,
          layout_vaults_maze_bifur
Vaults:2: vaults_room_ringed_pool, nicolae_vaults_yaktaur_gun_rack, v_misc_28,
          ontoclasm_vaults_spin, hangedman_vaults_capsules,
          hangedman_vaults_slice, v_alt_pattern_4, vaults_room_corners,
          vaults_room_pools, vaults_room_grid, grunt_vaults_focal,
          layout_vaults_big_cross, basic_altar, uniq_saint_roka, uniq_mennas,
          uniq_bai_suzhen
Vaults:3: gammafunk_vaults_ghost_spectres, v_misc_4,
          nicolae_vaults_circle_grid_b, blue_anna_dwarven_crypt,
          nicolae_vaults_specimen_jars, v_misc_33, layout_vaults_omnigrid
Vaults:4: v_misc_15, ontoclasm_vaults_tryst, grunt_vaults_twisty,
          vaults_room_fancy_cross, hangedman_vaults_trim,
          nicolae_vaults_network_periphery,
          nicolae_vaults_windows_and_doors_thing, v_pattern_2,
          vaults_mumra_minichess, layout_vaults_omnibox, enter_trove_0,
          uniq_sojobo, uniq_margery, uniq_jory
Vaults:5
Crypt:1:  layout_rooms, eino_tiny_chamber, small_chamber_with_monster,
          nicolae_crypt_cryptocurrency, roderic_lattice_octagonal_star,
          grunt_crypt_arrival_split
Crypt:2:  layout_regular_city, st_stairs_4
Crypt:3:  lightli_unholy_cathedral, layout_chaotic_city,
          tomb_entry_shell_bobbens, grunt_ministairs_5
Tomb:1
Tomb:2
Tomb:3
Depths:1: layout_twisted_cross, enter_ziggurat_c, grunt_hell_entry_dis_grunt,
          abyss_entry, serial_sigils_hangedman_quiver, guppyfry_shop_earth,
          grunt_megastairs_2, serial_bayou_shore_b
Depths:2: evilmike_makhleb_hellhole, layout_small_grid, hell_entry,
          hangedman_decor_slide_cut, minmay_misc_feat_enclosed,
          roderic_roman_lattice, hangedman_feature_mirror,
          infiniplex_staircase_door_maze
Depths:3: kennysheep_room_grid, layout_basic, kennysheep_cross_room,
          rand_demon_pan_entry_7, pf_hell_entry_great_geh,
          infiniplex_staircase_pillars_2, uniq_boris
Depths:4: evilmike_inaccessible_box, layout_long_grid, pf_coc_iceberg,
          abyss_entry_glasseish, serial_shops, kennysheep_little_box,
          due_unseen_surprise
Depths:5: grunt_zot_entry_funnels, layout_basic, hell_entry, old_standard_altar,
          uniq_frederick
Hell
Dis:1:    layout_subdivisions
Dis:2:    layout_jigsaw
Dis:3:    layout_overlapping_boxes, nrook_loot_triangle
Dis:4:    layout_overlapping_boxes, hangedman_player_shredder
Dis:5:    layout_overlapping_boxes, grunt_megastairs_3, lemuel_elevator
Dis:6:    layout_jigsaw
Dis:7:    iron_city_of_dis [dis_old, dis_wall_5], layout_chaotic_city
Geh:1:    layout_gehenna_lava_caves
Geh:2:    layout_gehenna_lava_caves
Geh:3:    layout_gehenna_pools_triple
Geh:4:    layout_gehenna_pools_basic, lemuel_elevator
Geh:5:    layout_gehenna_pools_basic
Geh:6:    layout_gehenna_lava_caves
Geh:7:    geh_mu
Coc:1:    layout_cocytus_water_paths
Coc:2:    layout_cocytus_delve
Coc:3:    layout_cocytus_water_paths
Coc:4:    layout_cocytus_water_paths
Coc:5:    layout_ice_bergs
Coc:6:    layout_cocytus_water_paths, door_vault
Coc:7:    coc_hangedman
Tar:1:    layout_honeycomb
Tar:2:    layout_honeycomb
Tar:3:    layout_grid_maze
Tar:4:    layout_cathedral_of_symmetry, nicolae_tar_cuneiform_to_be
Tar:5:    layout_cathedral_of_symmetry, nicolae_tar_cuneiform_city,
          hangedman_tartarus_temple_path, evilmike_ambush
          [evilmike_ambush_outer_basic, evilmike_ambush_inner_pond]
Tar:6:    layout_grid_maze
Tar:7:    tar_minmay_river
Zot:1:    kennysheep_spiral_hall, layout_onion
Zot:2:    layout_onion_interference, gammafunk_ghost_crypt,
          hangedman_zot_diagonal_lockstep
Zot:3:    grunt_deathspiral_small, layout_onion_interference
Zot:4:    lemuel_firehouse, layout_cathedral_of_symmetry
Zot:5:    layout_misc_corridors, grunt_ministairs_3

Skill      XL: |  1  2  3  4  5  6  7  8  9 10 11 12 13 14 15 16 17 18 19 20 21 22 23 24 25 26 27 |
---------------+----------------------------------------------------------------------------------+-----
Crossbows      | 2 3 4 5 7 9 11 14 16 17 18 19 20 21 22 23 26 27 | 27.0
Fighting       | 2 5 7 9 11 14 15 17 18 19 20 21 22 27 | 27.0
Dodging        | 1 5 7 9 11 12 13 14 15 16 17 18 19 20 27 | 27.0
Shields        | 1 4 7 9 10 11 12 13 14 15 16 17 18 19 27 | 27.0
Stealth        | 3 8 10 12 14 16 17 18 19 21 24 27 | 27.0
Unarmed Combat | 27 | 27.0
Evocations     | 27 | 27.0
Spellcasting   | 4 |  4.8
Necromancy     | 4 |  4.2
Charms         | 4 |  4.2
Transmutations | 4 |  4.2
Air Magic      | 4 |  4.1
Translocations | 4 |  4.1
Earth Magic    | 4 |  4.1

Action                   |  1- 3 |  4- 6 |  7- 9 | 10-12 | 13-15 | 16-18 | 19-21 | 22-24 | 25-27 || total
-------------------------+-------+-------+-------+-------+-------+-------+-------+-------+-------++-------
Melee: Unarmed           |     7 |    10 |       |       |       |       |       |       |       ||    17
       T. Squeeze        |     2 |     5 |       |       |       |       |       |       |       ||     7
       Constrict         |     2 |     3 |       |       |       |       |       |       |       ||     5
       T. Slap           |     1 |     1 |       |       |       |       |       |       |       ||     2
       T. Smack          |     1 |       |       |       |       |       |       |       |       ||     1
 Fire: Triple crossbow   |    38 |    38 |    85 |   203 |   343 |   337 |   447 |   481 |  3080 ||  5052
       Arbalest          |       |       |       |       |       |       |    19 |       |       ||    19
Invok: Call Merchant     |       |       |     1 |       |     3 |       |       |     3 |    12 ||    19
       Potion Petition   |       |       |       |     1 |       |       |       |       |     6 ||     7
Evoke: Wand              |       |       |       |       |       |       |     7 |       |       ||     7
  Use: Scroll            |       |     2 |     3 |     2 |    10 |     2 |       |     3 |    16 ||    38
       Potion            |       |       |       |       |     2 |       |       |     2 |    25 ||    29
 Stab: Sleeping          |       |     1 |       |       |       |       |       |       |       ||     1
  Eat: Chunk             |       |     2 |     1 |       |       |       |     2 |       |       ||     5
       Ration            |       |     1 |     1 |     3 |     5 |     5 |     6 |     5 |    25 ||    51
Armor: Skin              |     9 |     3 |     3 |     6 |     5 |     1 |     9 |    18 |    64 ||   118
Dodge: Dodged            |     4 |    10 |     3 |     7 |    10 |     4 |    41 |    54 |   258 ||   391
Block: Heater shield     |       |       |     7 |       |       |       |       |       |       ||     7
       Scutum            |       |       |       |    80 |    28 |    19 |    75 |   148 |   865 ||  1215
       Reflection        |       |       |       |     2 |     3 |     7 |    15 |    15 |    45 ||    87
